 Dungeon Crawl Stone Soup version 0.30.1-9-gdf580d7c3d (webtiles) character file.

Game seed: 2094562387754941812

339 Ijustatesigmund the Digger (level 6, 0/35 HPs)
             Began as a Gargoyle Earth Elementalist on Oct 10, 2023.
             Slain by a gnoll
             ... wielding a +0 halberd
              (2 damage)
             ... on level 3 of the Dungeon.
             The game lasted 00:07:08 (3146 turns).

Ijustatesigmund the Digger (GrEE)                   Turns: 3146, Time: 00:07:09

Health: 0/35       AC: 13    Str: 12    XL:     6   Next: 55%
Magic:  1/11       EV: 11    Int: 17    God:
Gold:   112        SH:  0    Dex: 10    Spells: 7/11 levels left

rFire   . . .        h - +1 hand axe (vamp)
rCold   + . .        (no shield)
rNeg    + . .        a - +2 robe {rC+}
rPois   ∞            (no helmet)
rElec   +            (no cloak)
rCorr   .            d - +1 pair of gloves
SInv    .            c - +2 pair of boots
Will    .....        (no amulet)
Stlth   ++           (no ring)
HPRegen 0.25/turn    (no ring)
MPRegen 0.12/turn

%: no passive effects
@: no status effects
A: sickness immunity, AC +4, negative energy resistance 1, electricity
resistance, torment resistance 1, petrification resistance
a: no special abilities


You were on level 3 of the Dungeon.
You visited 1 branch of the dungeon, and saw 3 of its levels.

You collected 112 gold pieces.

Inventory:

Hand Weapons
 b - a +0 flail
 h - a +1 vampiric hand axe (weapon)
Armour
 a - a +2 robe of cold resistance (worn)
 c - a +2 pair of boots (worn)
 d - a +1 pair of gloves (worn)
Wands
 p - a wand of roots (9)
Scrolls
 e - a scroll of poison {unknown}
 f - a scroll of blinking {unknown}
 g - a scroll of acquirement {unknown}
 i - 3 scrolls of identify {unknown}
 l - a scroll of vulnerability {unknown}
 m - a scroll of immolation {unknown}
 o - 3 scrolls of enchant armour
Potions
 j - a potion of might
 k - a potion of curing {unknown}
 n - a potion of flight {unknown}
 q - a potion of cancellation


   Skills:
 - Level 2.0 Fighting
 - Level 1.5 Dodging
 - Level 2.1 Stealth
 + Level 3.4 Spellcasting
 * Level 4.2 Conjurations
 - Level 0.7 Transmutations
 + Level 5.3 Earth Magic


You had 7 spell levels left.
You knew the following spells:

 Your Spells              Type           Power      Damage    Failure   Level
a - Sandblast             Erth           42%        2d11      1%          1
b - Stone Arrow           Conj/Erth      38%        3d9       7%          3

Your spell library contained the following spells:

 Spells                   Type           Power      Damage    Failure   Level
 Passwall                 Tmut/Erth      10%        N/A       8%          2
 Petrify                  Tmut/Erth      13%        N/A       43%         4


Dungeon Overview and Level Annotations

Branches:
Dungeon (3/15)

Altars:

Shops:
D:2 :


Innate Abilities, Weirdness & Mutations

You are immune to sickness and miasma.
Your stone body is resilient. (AC +4)
You are immune to poison.
You resist negative energy. (rN+)
You are resistant to electric shocks. (rElec)
You are resistant to unholy torment.
You are immune to petrification.


Message History

Confirm with . or Enter, or press ? or * to list all spells.
Aiming: Stone Arrow (dangerous; 8% risk of failure)
Press: ? - help, Shift-Dir - straight line, f/p - gnoll
Aim: a gnoll, wielding a +0 whip (moderately wounded, 72% to hit)
The stone arrow hits the gnoll!
You kill the gnoll!
The gnoll hits you but does no damage.
Okay, then.
Items here: ))) †.
Items here: )) [[ †.
Things that are here:
a +0 club; a +0 sling
Casting: Stone Arrow (dangerous; 7% risk of failure)
Confirm with . or Enter, or press ? or * to list all spells.
Aiming: Sandblast (safe; 1% risk of failure)
Press: ? - help, Shift-Dir - straight line, f - gnoll
Aim: a gnoll, wielding a +0 halberd (85% to hit)
The blast of sand hits the gnoll.
The gnoll is heavily wounded.
The gnoll hits you from afar with a +0 halberd.
The gnoll hits you but does no damage.
Casting: Sandblast (safe; 1% risk of failure)
Confirm with . or Enter, or press ? or * to list all spells.
Aiming: Sandblast (safe; 1% risk of failure)
Press: ? - help, Shift-Dir - straight line, f/p - gnoll
Aim: a gnoll, wielding a +0 halberd (heavily wounded, 85% to hit)
The blast of sand misses the gnoll.
The gnoll hits you from afar with a +0 halberd.
The gnoll hits you with a +0 halberd.
* * * LOW HITPOINT WARNING * * *
You hit the gnoll.
The gnoll is severely wounded.
The gnoll hits you with a +0 halberd.
* * * LOW HITPOINT WARNING * * *
You hit the gnoll.
You feel better.
The gnoll is severely wounded.
The gnoll hits you with a +0 halberd.
* * * LOW HITPOINT WARNING * * *
The gnoll hits you with a +0 halberd.
You die...

#.# #.#
#.# #.#
#.#
##.######
#....)..#
##.####g#
### #@# .
#)# .##
#####.#
#.#
#.....#
..
#.#####
.# #.# .#
#.# .##
#.# ..#
#.#


You could see a gnoll.

Vanquished Creatures
  Sigmund (D:2)
  Terence (D:2)
  Robin (D:3)
  3 gnolls (D:3)
  4 adders (D:2)
  A worm (D:2)
  4 orcs
  5 bats
  6 endoplasms
  3 giant cockroaches
  8 goblins
  9 hobgoblins
  9 kobolds
  2 quokkas (D:1)
  3 ball pythons
  3 frilled lizards
  8 rats
71 creatures vanquished.

Notes
Turn   | Place    | Note
-------+----------+-------------------------------------------
     0 | D:1      | Ijustatesigmund the Gargoyle Earth Elementalist began the
                  | quest for the Orb.
     0 | D:1      | Reached XP level 1. HP: 10/10 MP: 3/3
   252 | D:1      | Reached XP level 2. HP: 16/16 MP: 0/5
   383 | D:1      | Reached skill level 1 in Fighting
   418 | D:1      | Reached skill level 4 in Earth Magic
   671 | D:1      | Reached XP level 3. HP: 20/20 MP: 3/6
   675 | D:1      | Learned a level 3 spell: Stone Arrow
  1373 | D:2      | Found Siodi's Book Shoppe.
  1435 | D:2      | Noticed Terence
  1441 | D:2      | Killed Terence
  1442 | D:2      | Reached skill level 1 in Conjurations
  1442 | D:2      | Reached XP level 4. HP: 22/26 MP: 3/7
  2134 | D:2      | Noticed Sigmund
  2281 | D:2      | Reached XP level 5. HP: 30/30 MP: 6/9
  2358 | D:2      | Killed Sigmund
  2359 | D:2      | Reached skill level 5 in Earth Magic
  2359 | D:2      | Reached XP level 6. HP: 22/35 MP: 4/11
  3037 | D:3      | Noticed Robin
  3059 | D:3      | Killed Robin
  3146 | D:3      | Slain by a gnoll

Illustrated notes

Levels and vault maps discovered:
D:1:      shiori_arrival_oz, layout_basic, amcnicky_mini_corridor_feature,
          st_stairs_1, minmay_3d_cube
D:2:      layout_basic, serial_shops, shop, serial_glass, glass_columns_b,
          glass_columns_a, palyth_stone_intersect, uniq_sigmund, uniq_terence
D:3:      layout_loops_ring, nzn_overflow_gifts_of_might_and_magic, uniq_robin

Skill      XL: |  1  2  3  4  5  6 |
---------------+-------------------+-----
Fighting       | 1 2 |  2.0
Earth Magic    | 4 5 |  5.3
Conjurations   | 1 2 3 4 |  4.2
Spellcasting   | 3 |  3.4
Dodging        | |  1.5
Stealth        | |  2.1
Transmutations | |  0.7

Action                     |  1- 3 |  4- 6 || total
---------------------------+-------+-------++-------
  Melee: Unarmed           |     3 |       ||     3
         Hand axe          |       |    34 ||    34
         Punch             |       |     1 ||     1
   Cast: Sandblast         |    48 |    38 ||    86
         Stone Arrow       |     2 |    11 ||    13
    Use: Potion            |     1 |     2 ||     3
         Scroll            |       |     2 ||     2
 Armour: Robe              |     5 |    31 ||    36
  Dodge: Dodged            |    12 |    39 ||    51
